 Dungeon Crawl Stone Soup version 0.30-b1-2-g02819fbbbe (webtiles) character file.

Game seed: 3002588907484682305

39 alexzegreat the Chopper (level 3, -4/34 HPs)
             Began as a Minotaur Berserker on Sept 1, 2023.
             Was a Believer of Trog.
             Slain by a gnoll
             ... wielding a +0 whip
              (8 damage)
             ... on level 2 of the Dungeon.
             The game lasted 00:06:30 (1368 turns).

alexzegreat the Chopper (Minotaur Berserker)        Turns: 1368, Time: 00:06:31

Health: -4/34      AC:  2    Str: 23    XL:     3   Next: 28%
Magic:  2/2        EV: 11    Int:  4    God:    Trog [**....]
Gold:   104        SH:  3    Dex:  9    Spells: 2/2 levels left

rFire   . . .        i - +0 war axe
rCold   . . .        a - +0 buckler
rNeg    . . .        b - +0 animal skin
rPois   .            (helmet restricted)
rElec   .            (no cloak)
rCorr   .            (no gloves)
SInv    .            (no boots)
Will    .....        (no amulet)
Stlth   +            (no ring)
HPRegen 0.25/turn    (no ring)
MPRegen 0.08/turn

%: no passive effects
@: no status effects
A: horns 2, retaliatory headbutt
a: Renounce Religion, Berserk, Trog's Hand


You were on level 2 of the Dungeon.
You worshipped Trog.
Trog was pleased with you.
You visited 1 branch of the dungeon, and saw 2 of its levels.

You collected 104 gold pieces.

Inventory:

Hand Weapons
 i - a +0 war axe (weapon)
Missiles
 c - 6 poisoned darts (quivered)
 h - 5 javelins
Armour
 a - a +0 buckler (worn)
 b - a +0 animal skin (worn)
Scrolls
 d - 2 scrolls of noise {unknown}
 e - 2 scrolls of enchant weapon {unknown}
 j - a scroll of magic mapping {unknown}
Potions
 f - 2 potions of lignification {unknown}
 g - 2 potions of brilliance {unknown}
 k - a potion of curing {unknown}


   Skills:
 + Level 4.3 Fighting
 + Level 4.4 Axes
 * Level 2.6 Armour
 + Level 2.4 Dodging


You had 2 spell levels left.
You didn't know any spells.
Your spell library was empty.

Dungeon Overview and Level Annotations

Branches:
Dungeon (2/15)

Altars:

Shops:
D:2 =


Innate Abilities, Weirdness & Mutations

You have a pair of horns on your head.
You reflexively headbutt those who attack you in melee.


Message History

No target in view!
No target in view!
No target in view!
No target in view!
No target in view!
No target in view!
No target in view!
No target in view!
No target in view!
No target in view!
No target in view!
There is a stone staircase leading up here.
Found a stone staircase leading up.
There is a stone staircase leading up here.
You now have 104 gold pieces (gained 13).
A gnoll comes into view. It is wielding a +0 whip.
A gnoll is nearby!
A gnoll comes into view. It is wielding a +0 club.
The gnoll shouts!
You hear a shout!
A gnoll comes into view. It is wielding a +0 halberd.
You barely miss the gnoll. The gnoll hits you with a +0 whip!
You hit the gnoll but do no damage. Your headbutt misses the gnoll.
The gnoll hits you from afar with a +0 halberd.
The gnoll hits you with a +0 whip.
A gnoll comes into view. It is wielding a +2 whip of freezing.
The gnoll misses you. You block the gnoll's attack.
Okay, then.
The gnoll attacks as you move away! The gnoll hits you with a +0 whip.
The gnoll attacks as you move away! The gnoll hits you with a +0 whip.
The gnoll attacks as you move away! The gnoll hits you with a +0 whip!
* * * LOW HITPOINT WARNING * * *
The gnoll attacks as you move away! You block the gnoll's attack.
The gnoll attacks as you move away! The gnoll closely misses you.
You see here a bat corpse.
The gnoll attacks as you move away! The gnoll hits you with a +0 whip.
* * * LOW HITPOINT WARNING * * *
The gnoll attacks as you move away! The gnoll hits you with a +0 whip.
* * * LOW HITPOINT WARNING * * *
The gnoll attacks as you move away! The gnoll hits you with a +0 whip!
You die...

#.........# #########
#.###.###.# #.......## #<#
#.# #.######.......###
#.###.###<##.........#....
#.........##.#####.###....
#..##.###.#∩..# #.#####.#
#..##.# #.#...####........
#..##.###.......######....
#........@..............##
##.##....g......######.##
#.#####.##...#### #.#
#...............# #.#
#######.#.#####.# #.#
#g#g# #.# #.# ##.#.# #.#
#.# ########....# #.# #.#
#........#..# #.# #.###


You could see 2 gnolls.

Vanquished Creatures
  4 endoplasms
  A giant cockroach (D:1)
  6 hobgoblins
  3 jackals (D:1)
  3 kobolds
  A quokka (D:1)
  4 ball pythons
  8 bats
  A goblin (D:1)
  4 rats
35 creatures vanquished.

Notes
Turn   | Place    | Note
-------+----------+-------------------------------------------
     0 | D:1      | alexzegreat the Minotaur Berserker began the quest for the
                  | Orb.
     0 | D:1      | Reached XP level 1. HP: 19/19 MP: 0/0
   155 | D:1      | Reached XP level 2. HP: 22/27 MP: 1/1
   605 | D:1      | Reached ** piety under Trog
   649 | D:1      | Reached XP level 3. HP: 33/33 MP: 2/2
  1229 | D:2      | Found Fyonnobb's Jewellery Shop.
  1368 | D:2      | Slain by a gnoll

Illustrated notes

Levels and vault maps discovered:
D:1:      arrival_zaba_pyramid, layout_basic, wad_floor_pattern_2, minivault_27,
          minmay_bisected
D:2:      layout_loops_ring, serial_shops, shop, kennysheep_generic_room_4

Skill      XL: |  1  2 |
---------------+-------+-----
Fighting       | 4 |  4.3
Axes           | 4 |  4.4
Armour         | |  2.6
Dodging        | |  2.4

Action                     || total
---------------------------++-------
  Melee: Hand axe          ||    47
         Headbutt          ||     5
         War axe           ||    27
 Armour: Animal skin       ||    26
  Dodge: Dodged            ||    49
  Block: Buckler           ||     5
